 Dungeon Crawl Stone Soup version 0.18.1-48-g4cf74bf (webtiles) character file.

95 WarriorsX the Skirmisher (level 4, -5/37 HPs)
             Began as a Human Fighter on July 30, 2016.
             Slain by an ogre
             ... wielding a +0 giant club
              (16 damage)
             ... on level 5 of the Dungeon.
             The game lasted 00:03:55 (1639 turns).

WarriorsX the Skirmisher (Human Fighter)            Turns: 1639, Time: 00:03:57

Health: -5/37      AC:  9    Str: 16 (17) XL:     4   Next: 95%
Magic:  4/4        EV:  6    Int:  6 (9)  God:
Gold:   127        SH:  8    Dex: 12      Spells: 0 memorised, 3 levels left

rFire  . . .     SeeInvis +     a - +0 long sword
rCold  . . .     Gourm    .     b - +0 scale mail
rNeg   . . .     Faith    .     c - +0 shield
rPois  .         Spirit   .     (no helmet)
rElec  .         Dismiss  .     v - +1 cloak
rCorr  .         Reflect  .     (no gloves)
SustAt .         Harm     .     (no boots)
MR     .....                    (no amulet)
Stlth  ..........               (no ring)
                                (no ring)

@: not resistant to hostile enchantments, extremely unstealthy
A: molten scales 1, see invisible
a: no special abilities


You were on level 5 of the Dungeon.
You were not hungry.

You visited 1 branch of the dungeon, and saw 6 of its levels.

You collected 127 gold pieces.

Inventory:

Hand Weapons
 a - a +0 long sword (weapon)
Armour
 b - a +0 scale mail (worn)
 c - a +0 shield (worn)
 v - a +1 cloak (worn)
Jewellery
 o - an uncursed ring of resist corrosion {unknown}
Scrolls
 e - a scroll of amnesia {unknown}
 m - 2 scrolls of teleportation
Potions
 d - 2 potions of might
 k - a potion of degeneration
Comestibles
 f - 2 bread rations
 l - a beef jerky
 t - a slice of pizza


   Skills:
 + Level 4.3 Fighting
 + Level 3.5 Long Blades
 - Level 3.0 Armour
 - Level 3.0 Shields


You had 3 spell levels left.
You didn't know any spells.

Dungeon Overview and Level Annotations

Branches:
Dungeon (6/15)
 Temple: D:4-7

Altars:
Elyvilon


Innate Abilities, Weirdness & Mutations

You are partially covered in molten scales (AC +1).
You have supernaturally acute eyesight.


Message History

Eat a chunk of flesh? (ye/n/q/i?) This raw flesh tastes terrible.
You continue eating. x2
As you open the door, it creaks loudly!
There is an open door here.
You open the door. 3 orcs and an orc wizard come into view.
The orc wizard shouts!
Found 28 gold pieces.
Found a stone staircase leading down.
The orc wizard mumbles some strange words.
The orc wizard blinks!
There is a stone staircase leading down, spattered with blood here.
You climb downwards.
The ogre hits you with a giant club!!
Ouch! That really hurt!
* * * LOW HITPOINT WARNING * * *
There is a stone staircase leading up, spattered with blood here.
You slash the ogre!
The ogre is moderately wounded.
The ogre hits you with a giant club!
You die...

#.#####.#
#.##.###.#....
#.#####...##.....###
#...(...##.#?..#.#
#..#.............#
#...O............#
#O########.......#
#.###.# ###...###
#.!!..##########...#
#.#....@O.<.......##
##
#...#############.#
#. ....## ..# #.
.### #. #


You could see an ogre.

Vanquished Creatures
  A centaur skeleton (D:5)
  A worker ant (D:4)
  An adder (D:2)
  A dart slug (D:1)
  A giant gecko (D:2)
  6 bats
  A giant cockroach (D:1)
  A hobgoblin (D:2)
  4 jackals (D:2)
  5 kobolds
  A ball python (D:1)
  3 giant newts
  5 goblins
  2 rats (D:2)
33 creatures vanquished.

Notes
Turn   | Place    | Note
--------------------------------------------------------------
     0 | D:1      | WarriorsX the Human Fighter began the quest for the Orb.
     0 | D:1      | Reached XP level 1. HP: 18/18 MP: 1/1
    54 | D:1      | Reached XP level 2. HP: 23/24 MP: 2/2
   362 | D:2      | Reached XP level 3. HP: 29/29 MP: 3/3
  1252 | D:2      | Gained mutation: You have supernaturally acute eyesight. [potion of mutation]
  1252 | D:2      | Gained mutation: You are partially covered in molten scales (AC +1). [potion of mutation]
  1315 | D:3      | You fall through a shaft for 3 floors!
  1365 | D:5      | Entered Level 5 of the Dungeon
  1380 | D:5      | Reached skill level 4 in Fighting
  1380 | D:5      | Reached XP level 4. HP: 36/37 MP: 4/4
  1440 | D:5      | Noticed an ogre
  1493 | D:5      | Found a white marble altar of Elyvilon.
  1639 | D:5      | Slain by an ogre

Skill      XL: |  1  2  3 |
---------------+----------+-----
Fighting       | 4 |  4.3
Long Blades    | 3 |  3.5
Armour         | |  3.0
Shields        | |  3.0

Action                   |  1- 3 |  4- 6 || total
-------------------------+-------+-------++-------
Melee: Long sword        |   104 |     7 ||   111
  Use: Potion            |     7 |     1 ||     8
       Scroll            |     5 |       ||     5
  Eat: Chunk             |     2 |     1 ||     3
Armor: Scale mail        |    59 |     2 ||    61
Dodge: Dodged            |    28 |     1 ||    29
Block: Shield            |    67 |     3 ||    70
